 Dungeon Crawl Stone Soup version 0.20.1-1-g8b1a95d (console) character file.

51 hilaritas the Conjurer (level 3, 0/31 HPs)
             Began as an Ogre Conjurer on Sept 9, 2017.
             Slain by an adder (4 damage)
             ... on level 2 of the Dungeon.
             The game lasted 00:04:39 (1511 turns).

hilaritas the Conjurer (Ogre Conjurer)              Turns: 1511, Time: 00:04:40

Health: 0/31       AC:  3    Str: 12    XL:     3   Next: 81%
Magic:  0/6        EV: 10    Int: 17    God:
Gold:   52         SH:  0    Dex:  9    Spells: 3/6 levels left

rFire    . . .     SeeInvis .   (no weapon)
rCold    . . .     Gourm    .   (no shield)
rNeg     . . .     Faith    .   a - +0 robe
rPois    .         Spirit   .   (helmet restricted)
rElec    .         Reflect  .   (no cloak)
rCorr    .         Harm     .   (gloves unavailable)
MR       .....                  (boots unavailable)
Stlth    +.........             (no amulet)
Regen    0.1/turn               (no ring)
MPRegen  0.1/turn               (no ring)

@: lethally poisoned (0 -> -3)
A: unfitting armour, horns 1, tough skin 1, evolution 1, MP-powered wands
a: no special abilities


You were on level 2 of the Dungeon.
You were not hungry.

You visited 1 branch of the dungeon, and saw 2 of its levels.

You collected 52 gold pieces.

Inventory:

Armour
 a - a +0 robe (worn)
Jewellery
 k - an uncursed ring of protection from magic {unknown}
Wands
 d - a wand of digging (18/24)
Scrolls
 e - a scroll of magic mapping {unknown}
 f - a scroll of amnesia {unknown}
 g - a scroll of fear {unknown}
 i - a scroll of identify {unknown}
Books
 b - a book of Conjurations

   Spells                             Type                      Level
   a - Magic Dart                     Conjuration                  1
   b - Searing Ray                    Conjuration                  2
   c - Dazzling Spray                 Conjuration/Hexes            3
   d - Fulminant Prism                Conjuration/Hexes            4
   e - Force Lance                    Conjuration/Translocation    4
   f - Iskenderun's Mystic Blast      Conjuration                  4
Comestibles
 c - a bread ration
 h - 3 chunks of flesh


   Skills:
 - Level 1.7 Dodging
 - Level 1.4 Stealth
 - Level 2.4 Spellcasting
 * Level 4.8 Conjurations


You had 3 spell levels left.
You knew the following spells:

 Your Spells              Type           Power        Failure   Level  Hunger
a - Magic Dart            Conj           ###.         2%          1    #......
b - Searing Ray           Conj           ###...       3%          2    ##.....


Dungeon Overview and Level Annotations

Branches:
Dungeon (2/15)

Altars:


Innate Abilities, Weirdness & Mutations

You are too large for most types of armour.
You have tough skin. (AC +1)
You have a pair of small horns on your head.
You evolve.
You expend magic power (3 MP) to strengthen your wands.


Message History

You closely miss the adder. Your headbutt misses the adder.
The adder is heavily wounded.
You feel sick. The adder bites you but does no damage.
The adder closely misses you.
You barely miss the adder.
The adder is heavily wounded.
The adder bites you.
* * * LOW HITPOINT WARNING * * *
You barely miss the adder. You headbutt the adder.
The adder is heavily wounded.
The adder barely misses you.
Casting: Magic Dart
Confirm with . or Enter, or press ? or * to list all spells.
Aiming: Magic Dart
Press: ? - help, Shift-Dir - straight line, f/p - adder
Aim: an adder (heavily wounded)
The magic dart hits the adder.
The adder is severely wounded.
The adder bites you.
You die...

#....(..#
#...(...###########...
#.....................
.†(.........#####.....
......#....)##.. ###
#..#..#........####
##..........(#....#
##..###......#....# .
##....#............ ...
##....#.......#####.....
..#..........KgS@.....#
....#.#......#####.#.##
....#.=..............
....#.............. ...
........>.......... ...
........(....###### ..
........(.....# .
..........[....#
......†....%.....
................<
.......?.........


You could see an adder, a hobgoblin and a kobold.

Vanquished Creatures
  An adder (D:2)
  4 leopard geckos
  5 bats (D:1)
  2 giant cockroaches
  5 goblins
  4 hobgoblins (D:1)
  2 quokkas (D:2)
  5 frilled lizards
  4 kobolds (D:1)
  5 rats (D:1)
37 creatures vanquished.

Notes
Turn   | Place    | Note
-------+----------+-------------------------------------------
     0 | D:1      | hilaritas the Ogre Conjurer began the quest for the Orb.
     0 | D:1      | Reached XP level 1. HP: 16/16 MP: 3/3
   154 | D:1      | Reached skill level 4 in Conjurations
   154 | D:1      | Reached XP level 2. HP: 19/24 MP: 0/5
   206 | D:1      | Learned a level 2 spell: Searing Ray
   603 | D:1      | Reached XP level 3. HP: 31/31 MP: 3/6
  1505 | D:2      | Gained mutation: You evolve. [potion of mutation]
  1505 | D:2      | Gained mutation: You expend magic power (3 MP) to strengthen your wands. [potion of mutation]
  1505 | D:2      | Gained mutation: You have a pair of small horns on your head. [potion of mutation]
  1511 | D:2      | Slain by an adder

Skill      XL: |  1 |
---------------+----+-----
Conjurations   | 4 |  4.8
Dodging        | |  1.7
Stealth        | |  1.4
Spellcasting   | |  2.4

Action                   || total
-------------------------++-------
Melee: Unarmed           ||    26
       Headbutt          ||     1
 Cast: Magic Dart        ||    66
  Use: Potion            ||     1
  Eat: Chunk             ||     2
Armor: Robe              ||    17
Dodge: Dodged            ||    24
